 Dungeon Crawl Stone Soup version 0.29.0-4-gdea44cf6ec (webtiles) character file.

Game seed: 11157332177689748436

638 MeatBomb the Cleaver (level 7, -5/85 HPs)
             Began as a Minotaur Berserker on Aug 27, 2022.
             Was a Priest of Trog.
             Slain by a killer bee (6 damage)
             ... on level 7 of the Dungeon.
             The game lasted 00:23:40 (3363 turns).

MeatBomb the Cleaver (Minotaur Berserker)           Turns: 3363, Time: 00:23:41

Health: -5/85      AC:  8    Str: 23    XL:     7   Next: 25%
Magic:  6/6        EV: 12    Int:  4    God:    Trog [***...]
Gold:   277        SH:  0    Dex: 13    Spells: 6/6 levels left

rFire   . . .      SeeInvis .   a - +0 war axe
rCold   . . .      Faith    .   (no shield)
rNeg    . . .      Spirit   .   u - +1 leather armour of Qazlal's Hope {Dex+3}
rPois   .          Reflect  .   (helmet restricted)
rElec   .          Harm     .   (no cloak)
rCorr   .          Rampage  .   (no gloves)
Will    +....                   (no boots)
Stlth   ..........              (no amulet)
HPRegen 0.24/turn               c - +4 ring of protection
MPRegen 0.10/turn               r - ring of willpower

@: berserking, lethally poisoned (-5 -> -39), very quick
A: horns 2, retaliatory headbutt
a: Renounce Religion, Berserk, Trog's Hand


You were on level 7 of the Dungeon.
You worshipped Trog.
Trog was most pleased with you.
You visited 1 branch of the dungeon, and saw 5 of its levels.

You collected 277 gold pieces.

Inventory:

Hand Weapons
 a - a +0 war axe (weapon)
 b - a +0 sling
Missiles
 m - 16 stones
 p - 4 poisoned darts (quivered)
Armour
 f - a +0 ring mail
 u - the +1 leather armour of Qazlal's Hope (worn) {Dex+3}
   (You found it on level 4 of the Dungeon)

   Dex:       It affects your dexterity (+3).
Jewellery
 c - a +4 ring of protection (left hand)
 r - a ring of willpower (right hand)
Scrolls
 d - a scroll of fog
 e - 3 scrolls of teleportation
 g - 5 scrolls of identify
Potions
 h - a potion of heal wounds {unknown}
 i - 2 potions of flight {unknown}
 j - 2 potions of invisibility {unknown}
 k - 2 potions of lignification {unknown}
 l - 2 potions of mutation {unknown}
 n - 2 potions of attraction {unknown}
 o - 2 potions of brilliance {unknown}
 q - 2 potions of might
 s - a potion of curing {unknown}
 t - a potion of berserk rage {unknown}


   Skills:
 - Level 3.6 Fighting
 * Level 10.2 Axes
 - Level 2.4 Armour
 - Level 2.1 Dodging


You had 6 spell levels left.
You didn't know any spells.
Your spell library was empty.

Dungeon Overview and Level Annotations

Branches:
Dungeon (4/15)
 Temple: D:4-7

Altars:
Makhleb

Shops:
D:3 ?


Innate Abilities, Weirdness & Mutations

You have a pair of horns on your head.
You reflexively headbutt those who attack you in melee.


Message History

You kill the killer bee!
Trog accepts your kill.
You have reached level 7!
You slash the killer bee!
The killer bee is severely wounded.
You feel sick. The killer bee barely misses you. You furiously retaliate!
You headbutt the killer bee!
You kill the killer bee!
Trog accepts your kill.
Your Axes skill increases to level 10!
You feel sick. The killer bee stings you.
* * * LOW HITPOINT WARNING * * *
You are more poisoned.
The killer bee poisons you! The killer bee stings you.
* * * LOW HITPOINT WARNING * * *
You are lethally poisoned!
The killer bee poisons you!
The killer bee stings you but does no damage.
The killer bee stings you.
* * * LOW HITPOINT WARNING * * *
You are more poisoned.
The killer bee poisons you!
Things that are here:
a killer bee corpse; a killer bee corpse You slice the killer bee!!
You kill the killer bee!
Trog accepts your kill.
You miss the killer bee.
* * * LOW HITPOINT WARNING * * *
You feel very sick. The killer bee stings you.
* * * LOW HITPOINT WARNING * * *
You are more poisoned.
The killer bee poisons you!
You slash the killer bee!
The killer bee is almost dead.
* * * LOW HITPOINT WARNING * * *
You feel very sick. The killer bee stings you.
You die...

#.# #. #.# #.
#.# #. #.# #.
#.# #. #.# #.
#.#
.##.##y####.#
.......@....#
.##.#########


You could see a killer bee.

Vanquished Creatures
  Sigmund (D:3)
  A black bear (D:4)
  4 killer bees (D:7)
  A hound (D:4)
  An iguana (D:4)
  An orc wizard (D:3)
  6 adders (D:2)
  A dart slug (D:2)
  10 orcs
  2 endoplasms
  3 giant cockroaches
  5 goblins
  7 hobgoblins
  4 jackals (D:4)
  6 kobolds
  5 quokkas
  4 ball pythons
  6 bats
  3 frilled lizards
  3 rats
  A spectral hobgoblin (D:1)
75 creatures vanquished.

Notes
Turn   | Place    | Note
-------+----------+-------------------------------------------
     0 | D:1      | MeatBomb the Minotaur Berserker began the quest for the
                  | Orb.
     0 | D:1      | Reached XP level 1. HP: 19/19 MP: 0/0
    72 | D:1      | Found a faded altar of an unknown god.
    90 | D:1      | Reached skill level 4 in Axes
   291 | D:1      | Reached XP level 2. HP: 25/26 MP: 1/1
   807 | D:2      | Reached skill level 5 in Axes
   835 | D:2      | Reached XP level 3. HP: 31/31 MP: 2/2
   906 | D:2      | Reached ** piety under Trog
  1143 | D:2      | Reached skill level 6 in Axes
  1143 | D:2      | Reached XP level 4. HP: 33/39 MP: 3/3
  1734 | D:3      | Noticed Sigmund
  1774 | D:3      | Killed Sigmund
  1775 | D:3      | Reached skill level 8 in Axes
  1775 | D:3      | Reached XP level 5. HP: 44/45 MP: 4/4
  1835 | D:3      | Reached XP level 6. HP: 46/51 MP: 5/5
  2044 | D:3      | Found a burning altar of Makhleb.
  2101 | D:3      | Found Ajaca's Magic Scroll Boutique.
  2411 | D:3      | Identified a scroll of acquirement
  2411 | D:3      | Acquired a ring of willpower
  3029 | D:4      | Reached skill level 9 in Axes
  3195 | D:4      | Identified the +1 leather armour of Qazlal's Hope {Dex+3}
  3235 | D:4      | You fall into a shaft and drop 3 floors!
  3360 | D:7      | Reached XP level 7. HP: 30/57 MP: 6/6
  3361 | D:7      | Reached skill level 10 in Axes
  3362 | D:7      | Reached *** piety under Trog
  3363 | D:7      | HP: 1/85 [poisoned by a killer bee]
  3363 | D:7      | Slain by a killer bee

Illustrated notes

Levels and vault maps discovered:
D:1:      lemuel_arrival_hallway, layout_loops_ring,
          dreamdust_ecumenical_altar_drowned_temple
D:2:      minmay_chambers_of_twos, layout_rooms, grunt_ministairs_8
D:3:      layout_rooms, general_overflow_altar, serial_glass, glass_columns_b,
          glass_columns_b, serial_shops, nicolae_shop_advertising_works
          [nicolae_subvault_shop_adworks], uniq_sigmund
D:4:      layout_basic
D:7:      layout_loops_ring, kennysheep_okawaru_gauntlet,
          minmay_temple_entry_glassed_door

Skill      XL: |  1  2  3  4  5  6  7 |
---------------+----------------------+-----
Axes           | 4 5 6 8 9 10 | 10.2
Fighting       | |  3.6
Armour         | |  2.4
Dodging        | |  2.1

Action                   |  1- 3 |  4- 6 |  7- 9 || total
-------------------------+-------+-------+-------++-------
Melee: Hand axe          |    11 |       |       ||    11
       War axe           |    51 |   118 |     3 ||   172
       Headbutt          |     3 |    16 |       ||    19
       Punch             |     2 |       |       ||     2
 Fire: Sling             |       |    12 |       ||    12
Throw: Stone             |     5 |     4 |       ||     9
Invok: Berserk           |       |     2 |       ||     2
  Use: Scroll            |       |     5 |       ||     5
Armor: Leather armour    |     4 |     6 |     1 ||    11
       Ring mail         |    24 |    54 |       ||    78
       Animal skin       |     1 |       |       ||     1
Dodge: Dodged            |    43 |    52 |     1 ||    96
